 Dungeon Crawl Stone Soup version 0.28-a0-1143-gcf6077d4cc (webtiles) character file.

Game seed: 6993756046448290647

175 hazymike the Skirmisher (level 5, -4/57 HPs)
             Began as an Ogre Fighter on Dec 13, 2021.
             Was a Follower of the Shining One.
             Slain by Edmund (14 damage)
             ... on level 3 of the Dungeon.
             The game lasted 00:19:02 (3005 turns).

hazymike the Skirmisher (Ogre Fighter)              Turns: 3005, Time: 00:19:02

Health: -4/57      AC:  3    Str: 20    XL:     5   Next: 55%
Magic:  6/6        EV:  8    Int: 11    God:    the Shining One [*.....]
Gold:   201        SH:  7    Dex:  8    Spells: 4/4 levels left

rFire   . . .      SeeInvis .   a - +0 flail
rCold   . . .      Faith    .   c - +0 kite shield
rNeg    + . .      Spirit   .   b - +0 robe
rPois   .          Reflect  .   (helmet restricted)
rElec   .          Harm     .   (no cloak)
rCorr   .          Rampage  .   (gloves unavailable)
Will    .....                   (boots unavailable)
Stlth   +.........              (no amulet)
HPRegen 0.19/turn               h - ring of positive energy
MPRegen 0.10/turn               (no ring)

@: mighty, lethally poisoned (-4 -> -7), glowing
A: large, unfitting armour, tough skin 1
a: Renounce Religion, Divine Shield


You were on level 3 of the Dungeon.
You worshipped the Shining One.
The Shining One was aware of your devotion.
You visited 1 branch of the dungeon, and saw 4 of its levels.

You collected 201 gold pieces.

Inventory:

Hand Weapons
 a - a +0 flail (weapon)
 e - a +0 giant club
Missiles
 f - 100 stones (quivered)
Armour
 b - a +0 robe (worn)
 c - a +0 kite shield (worn)
Jewellery
 h - a ring of positive energy (left hand)
Scrolls
 i - a scroll of teleportation {unknown}
 k - a scroll of immolation {unknown}
 l - a scroll of summoning {unknown}
 m - a scroll of amnesia {unknown}
Potions
 d - a potion of might
 j - a potion of heal wounds {unknown}


   Skills:
 + Level 5.1 Fighting
 * Level 3.4 Maces & Flails
 + Level 3.4 Dodging
 - Level 2.6 Shields
 + Level 2.0 Invocations


You had 4 spell levels left.
You didn't know any spells.
Your spell library was empty.

Dungeon Overview and Level Annotations

Branches:
Dungeon (4/15)             Temple (0/1) D:4

Altars:
Ru
The Shining One

Shops:
D:1 (

Annotations:
D:3 Edmund
D:4 Eustachio, Natasha


Innate Abilities, Weirdness & Mutations

You are too large for most types of armour.
You have tough skin. (AC +1)


Message History

You recover from your berserk rage.
You climb downwards.
Level annotation: Eustachio
There is a stone staircase leading up here.
You see here an ogre corpse.
There is a stone staircase leading up here.
Setting a skill training target for Maces & Flails at 18.0.
You see here an ogre corpse.
You now have 201 gold pieces (gained 13).
Eustachio is nearby!
There is a stone staircase leading up here.
You and your allies can now gain power from killing the unholy and evil.
You can now call upon the Shining One for a divine shield.
Edmund and Natasha come into view.
Edmund is wielding a +5 dire flail of venom and wearing a +2 leather armour of cold resistance.
Natasha hisses angrily.
There is a stone staircase leading up here.
Natasha hisses.
Edmund hits you with a +5 dire flail of venom!
You climb upwards.
There is a stone staircase leading down here.
You feel very mighty all of a sudden.
Edmund says, "People will remember me!
They'll remember me and die!"
Edmund closely misses you.
You sock Edmund!
Edmund is heavily wounded.
Edmund barely misses you.
Edmund hits you with a +5 dire flail of venom!
You are poisoned.
Your shield prevents you from hitting Edmund.
Edmund is heavily wounded.
You feel sick.
Edmund hits you with a +5 dire flail of venom!
* * * LOW HITPOINT WARNING * * *
You hit Edmund.
Edmund is heavily wounded.
You feel sick.
Edmund says, "People accused me of being a cutpurse!"
Edmund hits you with a +5 dire flail of venom!
You die...

####........#.......#
#........#.......#
###......#.......#
#......#.......#
#......##.#.####
#########...# ##..#
###########..#
#..........@@#
#.############ # #.#
# #.# #####.# ....).#
#≈≈≈#.# ###≈≈≈##
#####≈≈###


You could see Edmund.

Vanquished Creatures
  An ogre (D:4)
  A centaur skeleton (D:3)
  2 adders (D:3)
  A worm (D:2)
  An orc (D:3)
  2 endoplasms
  A giant cockroach (D:2)
  5 goblins
  7 hobgoblins
  5 ball pythons
  3 bats
  6 frilled lizards
  5 kobolds
  2 rats
42 creatures vanquished.

Notes
Turn   | Place    | Note
-------+----------+-------------------------------------------
     0 | D:1      | hazymike the Ogre Fighter began the quest for the Orb.
     0 | D:1      | Reached XP level 1. HP: 24/24 MP: 1/1
   411 | D:1      | Found a faded altar of an unknown god.
   418 | D:1      | Prayed at the altar of an unknown god.
   418 | D:1      | Became a worshipper of Ru the Awakened
   478 | D:1      | Found Awyahamo's Weapon Emporium.
   937 | D:2      | Found a glowing golden altar of the Shining One.
   953 | D:2      | Reached XP level 2. HP: 31/32 MP: 2/2
  1011 | D:2      | Fell from the grace of Ru
  1011 | D:2      | Became a worshipper of the Shining One
  1546 | D:2      | Reached XP level 3. HP: 39/40 MP: 3/3
  1960 | D:3      | Reached skill level 1 in Invocations
  1960 | D:3      | Reached XP level 4. HP: 49/49 MP: 4/4
  2618 | D:4      | Noticed Eustachio
  2655 | D:4      | Found a staircase to the Ecumenical Temple.
  2670 | D:4      | Noticed a black bear
  2856 | D:4      | Noticed an ogre
  2879 | D:4      | Killed an ogre
  2880 | D:4      | Reached skill level 5 in Fighting
  2880 | D:4      | Reached XP level 5. HP: 57/57 MP: 6/6
  2987 | D:4      | Noticed Edmund
  2987 | D:4      | Noticed Natasha
  2987 | D:4      | Reached * piety under the Shining One
  3005 | D:3      | Slain by Edmund

Illustrated notes

Levels and vault maps discovered:
D:1:      ncdulo_smallfort, layout_basic, dilly_ecumenical_altar_fadedgnrine,
          serial_shops, nicolae_shop_bloodbath_and_beyond
D:2:      layout_loops_ring, basic_altar, lemuel_old_faithful
D:3:      layout_basic, serial_rivers, chequers_serial_rivers_small_b,
          chequers_serial_rivers_marsh, chequers_serial_rivers_micro_a,
          chequers_serial_rivers_small_3, chequers_serial_rivers_marsh
D:4:      layout_cave_pools, grunt_temple_overflow_open,
          nicolae_overflow_squiral, temple_pool_b, uniq_edmund, uniq_natasha,
          uniq_eustachio

Skill      XL: |  1  2  3  4 |
---------------+-------------+-----
Maces & Flails | 2 3 |  3.4
Dodging        | 3 |  3.4
Invocations    | 1 2 |  2.0
Fighting       | 5 |  5.1
Shields        | |  2.6

Action                   |  1- 3 |  4- 6 || total
-------------------------+-------+-------++-------
Melee: Flail             |   105 |    18 ||   123
Throw: Stone             |    55 |    23 ||    78
  Use: Scroll            |       |     2 ||     2
       Potion            |       |     2 ||     2
Armor: Robe              |    32 |     1 ||    33
Dodge: Dodged            |    37 |     6 ||    43
Block: Kite shield       |    37 |     6 ||    43

Table legend: (Time is in decaauts)
 A = Elapsed time spent in this place.
 B = Non-inter-level travel time spent in this place.
 C = Inter-level travel time spent in this place.
 D = Time resting spent in this place.
 E = Time spent auto-exploring this place.
 F = Levels seen in this place.
 G = Mean time per level.
                   A        B        C        D        E       F      G
               +--------+--------+--------+--------+--------+-----+--------+
         Total |   3113 |   2883 |    230 |    302 |   1919 |   4 |  778.2 |
       Dungeon |   3113 |   2883 |    230 |    302 |   1919 |   4 |  778.2 |
               +--------+--------+--------+--------+--------+-----+--------+

Top non-repeatable levels by time:
     D:3: 983 daAuts
     D:2: 979 daAuts
     D:1: 896 daAuts
     D:4: 254 daAuts
